 Dungeon Crawl Stone Soup version 0.18.1-50-g88ac8fd (webtiles) character file.

126 varam the Stinger (level 4, -2/21 HPs)
             Began as a Spriggan Venom Mage on Oct 12, 2016.
             Slain by a gnoll
             ... wielding a +0 spear
              (4 damage)
             ... on level 3 of the Dungeon.
             The game lasted 00:08:35 (3036 turns).

varam the Stinger (Spriggan Venom Mage)             Turns: 3036, Time: 00:08:36

Health: -2/21      AC:  2    Str:  4    XL:     4   Next: 83%
Magic:  5/10       EV: 18    Int: 17    God:
Gold:   222        SH:  0    Dex: 16    Spells: 3 memorised, 4 levels left

rFire  + . .     SeeInvis +     A - +2 falchion (slice)
rCold  x . .     Gourm    .     a - +0 robe
rNeg   . . .     Faith    .     (shield restricted)
rPois  .         Spirit   .     (helmet restricted)
rElec  .         Dismiss  .     (no cloak)
rCorr  .         Reflect  .     (gloves unavailable)
SustAt .         Harm     .     (boots unavailable)
MR     .....                    (no amulet)
Stlth  +++.......               (no ring)
                                l - ring of fire

@: very quick, not resistant to hostile enchantments, fairly stealthy
A: unfitting armour, see invisible, herbivore 3, speed 3, slow metabolism 2
a: no special abilities


You were on level 3 of the Dungeon.
You were not hungry.

You visited 1 branch of the dungeon, and saw 3 of its levels.

You collected 222 gold pieces.

Inventory:

Hand Weapons
 g - a +0 dagger
 h - a +0 spear
 A - a +2 falchion of slicing (weapon)
Armour
 a - a +0 robe (worn)
Jewellery
 l - a ring of fire (left hand)
 p - an uncursed ring of protection from cold {unknown}
 y - an uncursed amulet of rage {unknown}
Scrolls
 d - 6 scrolls of identify {unknown}
 e - a scroll of noise {unknown}
 i - 3 scrolls of fear {unknown}
 k - 2 scrolls of immolation {unknown}
 m - a scroll of recharging {unknown}
 q - a scroll of random uselessness {unknown}
 r - a scroll of fog {unknown}
 s - 2 scrolls of teleportation {unknown}
 v - a scroll of amnesia {unknown}
 x - a scroll of blinking {unknown}
Potions
 f - a potion of lignification {unknown}
 j - a potion of flight {unknown}
 n - a potion of mutation {unknown}
 o - a potion of haste {unknown}
 t - a potion of brilliance {unknown}
 u - a potion of invisibility {unknown}
 z - a potion of heal wounds {unknown}
Books
 b - a Young Poisoner's Handbook

   Spells                             Type                      Level
   a - Sting                          Conjuration/Poison           1
   b - Cure Poison                    Poison                       2
   c - Mephitic Cloud                 Conjuration/Poison/Air       3
   d - Olgreb's Toxic Radiance        Poison                       4
   e - Venom Bolt                     Conjuration/Poison           5
Comestibles
 c - 4 bread rations
 w - 4 fruits


   Skills:
 - Level 3.0 Dodging
 - Level 3.0 Stealth
 + Level 3.8 Spellcasting
 + Level 1.1 Conjurations
 * Level 5.4 Poison Magic


You had 4 spell levels left.
You knew the following spells:

 Your Spells              Type           Power        Failure   Level  Hunger
a - Sting                 Conj/Pois      ##..         4%          1    None
b - Cure Poison           Pois           ###.......   2%          2    ##.....
c - Mephitic Cloud        Conj/Pois/Air  ##......     21%         3    ###....


Dungeon Overview and Level Annotations

Branches:
Dungeon (3/15)

Altars:
Xom

Annotations:
D:3 Sigmund


Innate Abilities, Weirdness & Mutations

You are tiny and cannot use many weapons and most armour.
You have supernaturally acute eyesight.
You are a herbivore.
You cover ground extremely quickly.
You need consume almost no food.


Message History

Aiming: Sting
Press: ? - help, Shift-Dir - straight line, f/p - gnoll
Aim: a gnoll, wielding a spear (heavily wounded, poisoned, unusually agile)
The sting misses the gnoll.
The goblin shouts!
The gnoll hits you from afar with a spear.
* * * LOW HITPOINT WARNING * * *
You closely miss the goblin.
The gnoll looks more healthy.
The goblin hits you with a club.
* * * LOW HITPOINT WARNING * * *
The gnoll misses you. The goblin barely misses you.
Casting: Sting
Confirm with . or Enter, or press ? or * to list all spells.
Aiming: Sting
Press: ? - help, Shift-Dir - straight line, f - goblin, p - gnoll
Aim: a goblin, wielding a club The sting hits the goblin.
The goblin is poisoned.
You kill the goblin!
The gnoll hits you from afar with a spear.
You die...

# ######## #####......#.##
##...#.####.#... #########
#..#...####.#### #...†...#
#.###....##.##
#.#####.#####..#.........#
#.# #..g.@)....#.......#
#.# ############...###.#
#.# .......(.##.#
#g######.. .####..#.##.###
#...g..gS. ##..#.##....
#...#.#.##g. #...........
#.###..# #.#.##(##... #
... #.#.##.##### ..##
#.#.##.#


You could see a gnoll.

Vanquished Creatures
  An orc priest (D:3)
  2 gnolls (D:3)
  2 adders
  An ooze (D:2)
  2 dart slugs
  A giant gecko (D:3)
  3 orcs (D:3)
  2 giant cockroaches
  5 goblins
  3 hobgoblins
  5 jackals (D:1)
  4 kobolds
  A quokka (D:2)
  A ball python (D:2)
  4 bats
  6 giant newts
  5 rats
48 creatures vanquished.

Notes
Turn   | Place    | Note
--------------------------------------------------------------
     0 | D:1      | varam the Spriggan Venom Mage began the quest for the Orb.
     0 | D:1      | Reached XP level 1. HP: 9/9 MP: 5/5
   379 | D:1      | Reached XP level 2. HP: 13/13 MP: 2/7
  1373 | D:1      | Learned a level 2 spell: Cure Poison
  1616 | D:2      | Reached XP level 3. HP: 16/16 MP: 5/8
  1672 | D:2      | Learned a level 3 spell: Mephitic Cloud
  1701 | D:2      | Found a faded altar to an unknown god.
  1707 | D:2      | Found a shimmering altar of Xom.
  2225 | D:3      | Reached skill level 5 in Poison Magic
  2604 | D:3      | Reached skill level 1 in Conjurations
  2604 | D:3      | Reached XP level 4. HP: 6/21 MP: 3/10
  2939 | D:3      | Noticed Sigmund
  3036 | D:3      | Slain by a gnoll

Skill      XL: |  1  2  3 |
---------------+----------+-----
Spellcasting   | 3 |  3.8
Poison Magic   | 5 |  5.4
Conjurations   | 1 |  1.1
Dodging        | |  3.0
Stealth        | |  3.0

Action                   |  1- 3 |  4- 6 || total
-------------------------+-------+-------++-------
Melee: Unarmed           |     7 |       ||     7
       Dagger            |     1 |       ||     1
       Spear             |    73 |       ||    73
       Falchion          |       |     3 ||     3
 Cast: Sting             |    80 |    21 ||   101
       Cure Poison       |     1 |       ||     1
 Stab: Sleeping          |     8 |       ||     8
       Distracted        |     1 |       ||     1
Armor: Robe              |     9 |       ||     9
Dodge: Dodged            |   105 |    10 ||   115
